 Dungeon Crawl Stone Soup version 0.26.0-45-g9c1d065592 (webtiles) character file.

Game seed: 16520816121689396280

518082 Gauvater the Slayer (level 24, -4/360 (364) HPs)
             Began as a Palentonga Fighter on Jan 26, 2021.
             Was the Champion of Wu Jian.
             Slain by an azure jelly (5 damage)
             ... created by the Royal Jelly
             ... on level 4 of the Pits of Slime on Jan 27, 2021.
             The game lasted 12:21:52 (85291 turns).

Gauvater the Slayer (Palentonga Fighter)           Turns: 85291, Time: 12:21:57

HP:   -4/360 (364)  AC: 20    Str: 41    XL:     24   Next: 55%
MP:   20/20         EV:  1    Int: 11    God:    Wu Jian [******]
Gold: 2907          SH: 17    Dex: 10    Spells: 23/23 levels left

rFire    + . .     SeeInvis +   q - +9 broad axe (freeze)
rCold    + . .     Faith    +   c - +2 kite shield {reflect}
rNeg     + + +     Spirit   .   (armour currently unavailable)
rPois    +         Reflect  +   (helmet currently unavailable)
rElec    +         Harm     .   (cloak currently unavailable)
rCorr    +         Rampage  .   (gloves currently unavailable)
Will     +++..     Rnd*Rage +   (no barding) Stlth ++........NoTele +
                                n - amulet "Diniys" {Faith *Contam rElec Will++ Slay+6}
HPRegen  0.70/turn              m - +6 ring of strength
MPRegen  0.17/turn              E - +6 ring of strength

@: tree-form, resistant, corroded, lightly drained
A: large, rugged brown scales 3, see invisible, berserk 1, low mp 1
}: 2/15 runes: barnacled, gossamer
a: Renounce Religion, Wall Jump, Serpent's Lash, Heavenly Storm


You were on level 4 of the Pits of Slime.
You worshipped Wu Jian.
Wu Jian was exalted by your worship.
You were a tree.
You visited 10 branches of the dungeon, and saw 47 of its levels.
You also visited: Bailey, Gauntlet and Ice Cave.

You collected 6223 gold pieces.
You spent 3316 gold pieces at shops.

Inventory:

Hand Weapons
 b - a +4 demon trident of flaming
 q - a +9 broad axe of freezing (weapon)
 r - a +2 vorpal broad axe
 s - the +9 flail of Cheibriados {vorpal, +Fly rC+}
   (You found it on level 12 of the Dungeon)

   It inflicts extra damage upon your enemies.
   It protects you from cold.
   It lets you fly.
 M - a +5 broad axe of flaming
 V - a +1 trishula of holy wrath
Missiles
 v - 80 javelins
 z - 19 throwing nets
 A - 15 atropa-tipped darts
 N - 19 silver javelins
 S - 20 curare-tipped darts
 Z - 99 boomerangs
Armour
 c - a +2 kite shield of reflection (worn)
 g - the +2 gold dragon scales of Love and Death {rPois rF+ rC+ Str+4}
   (You found it on level 2 of the Depths)

   It affects your strength (+4).
   It protects you from fire.
   It protects you from cold.
   It protects you from poison.
 u - a +2 pair of gloves of dexterity (melded)
 B - the -2 hat of the Alchemist (melded) {rElec rPois rF+ rC+ rN+ Will+ rMut rCorr}
   (You bought it in a shop on level 2 of the Orcish Mines)

   It protects you from fire.
   It protects you from cold.
   It insulates you from electricity.
   It protects you from poison.
   It protects you from negative energy.
   It affects your willpower, your defense against some magical effects.
   It provides partial protection from all sources of acid and corrosion.
   It protects you from mutation.
 C - the +2 helmet of Jetwivuz {+Inv}
   (You bought it in a shop on level 1 of the Depths)

   It lets you turn invisible.
 G - a +4 barding of fire resistance (melded)
 P - a scarf of repulsion (melded)
 U - the +9 plate armour of Inviolability (melded) {-Cast rElec rPois Will+++}
   (You bought it in a shop on level 1 of the Depths)

   It insulates you from electricity.
   It protects you from poison.
   It affects your willpower, your defense against some magical effects.
   It prevents spellcasting.
Jewellery
 l - the ring "Isadit" {rC+ rN+}
   (You found it on level 5 of the Lair of Beasts)

   [ring of positive energy]

   It protects you from cold.
   It protects you from negative energy.
 m - a +6 ring of strength (left branch)
 n - the amulet "Diniys" (around neck) {Faith *Contam rElec Will++ Slay+6}
   (You found it on level 8 of the Dungeon)

   [amulet of faith]

   It allows you to gain divine favour quickly.
   It affects your accuracy and damage with ranged weapons and melee attacks
   (+6).
   It insulates you from electricity.
   It affects your willpower, your defense against some magical effects.
   It causes magical contamination when unequipped.
 E - a +6 ring of strength (right branch)
 I - an uncursed amulet of the acrobat
Wands
 k - a wand of acid (47)
 x - a wand of polymorph (23)
 D - a wand of enslavement (23)
 J - a wand of paralysis (9)
 R - a wand of iceblast (12)
 T - a wand of disintegration (30)
 X - a wand of digging (1)
Scrolls
 a - 2 scrolls of holy word
 d - 12 scrolls of remove curse
 f - 2 scrolls of blinking
 h - 13 scrolls of immolation
 i - 11 scrolls of fog
 o - 7 scrolls of teleportation
 F - a scroll of magic mapping
 H - 4 scrolls of summoning
 L - 2 scrolls of silence
 Q - 8 scrolls of identify
 W - 3 scrolls of fear
Potions
 e - 15 potions of curing
 j - a potion of cancellation
 t - 6 potions of lignification
 y - 3 potions of resistance
 K - 3 potions of haste
 O - 2 potions of might
Miscellaneous
 p - a phantom mirror
 w - a condenser vane (inert)
 Y - a tin of tremorstones (2/2)


   Skills:
 * Level 21.5 Fighting
 - Level 18.2(20.0) Axes
 - Level 13.1(17.1) Maces & Flails
 + Level 7.4(13.3) Polearms
 + Level 5.3 Throwing
 * Level 15.3 Armour
 * Level 12.7 Dodging
 - Level 2.5 Stealth
 - Level 13.1 Shields
 * Level 14.4 Evocations


You had 23 spell levels left.
You didn't know any spells.
Your spell library contained the following spells:

 Spells                   Type           Power        Failure   Level
 Animate Skeleton         Necr           0%           34%         1
 Apportation              Tloc           0%           34%         1
 Beastly Appendage        Tmut           0%           34%         1
 Corona                   Hex            0%           34%         1
 Foxfire                  Conj/Fire      0%           34%         1
 Freeze                   Ice            0%           34%         1
 Magic Dart               Conj           0%           34%         1
 Pain                     Necr           0%           34%         1
 Shock                    Conj/Air       0%           34%         1
 Sting                    Tmut/Pois      0%           34%         1
 Summon Small Mammal      Summ           0%           34%         1
 Blink                    Tloc           N/A          47%         2
 Call Imp                 Summ           0%           47%         2
 Corpse Rot               Necr/Air       N/A          47%         2
 Ensorcelled Hibernation  Hex/Ice        0%           47%         2
 Passwall                 Tmut/Erth      0%           47%         2
 Poisonous Vapours        Pois/Air       0%           47%         2
 Searing Ray              Conj           0%           47%         2
 Slow                     Hex            0%           47%         2
 Sublimation of Blood     Necr           0%           47%         2
 Swiftness                Air            0%           47%         2
 Wereblood                Tmut           0%           47%         2
 Call Canine Familiar     Summ           0%           71%         3
 Confusing Touch          Hex            0%           71%         3
 Conjure Flame            Conj/Fire      0%           71%         3
 Dazzling Flash           Conj/Hex       0%           71%         3
 Frozen Ramparts          Ice            0%           71%         3
 Gell's Gravitas          Tloc           0%           71%         3
 Ignite Poison            Fire/Tmut/Pois 0%           71%         3
 Inner Flame              Hex/Fire       0%           71%         3
 Lesser Beckoning         Tloc           0%           71%         3
 Mephitic Cloud           Conj/Pois/Air  0%           71%         3
 Spider Form              Tmut/Pois      0%           71%         3
 Static Discharge         Conj/Air       0%           71%         3
 Summon Guardian Golem    Hex/Summ       0%           71%         3
 Teleport Other           Tloc           0%           71%         3
 Tukima's Dance           Hex            0%           71%         3
 Vampiric Draining        Necr           0%           71%         3
 Airstrike                Air            0%           98%         4
 Animate Dead             Necr           0%           98%         4
 Dispel Undead            Necr           0%           98%         4
 Fulminant Prism          Conj/Hex       0%           98%         4
 Hailstorm                Conj/Ice       0%           98%         4
 Ice Form                 Ice/Tmut       0%           98%         4
 Iskenderun's Mystic Bla  Conj/Tloc      0%           98%         4
 Olgreb's Toxic Radiance  Pois           0%           98%         4
 Passage of Golubria      Tloc           N/A          98%         4
 Petrify                  Tmut/Erth      0%           98%         4
 Sticky Flame             Conj/Fire      0%           98%         4
 Summon Ice Beast         Ice/Summ       0%           98%         4
 Summon Lightning Spire   Summ/Air       0%           98%         4
 Agony                    Necr           0%           100%        5
 Blade Hands              Tmut           0%           100%        5
 Excruciating Wounds      Necr           0%           100%        5
 Fireball                 Conj/Fire      0%           100%        5
 Irradiate                Conj/Tmut      0%           100%        5
 Lee's Rapid Deconstruct  Erth           0%           100%        5
 Lightning Bolt           Conj/Air       0%           100%        5
 Metabolic Englaciation   Hex/Ice        0%           100%        5
 Silence                  Hex/Air        0%           100%        5
 Yara's Violent Unravell  Hex/Tmut       0%           100%        5
 Conjure Ball Lightning   Conj/Air       0%           100%        6
 Death Channel            Necr           0%           100%        6
 Freezing Cloud           Conj/Ice/Air   0%           100%        6
 Hydra Form               Tmut           0%           100%        6
 Invisibility             Hex            0%           100%        6
 Ozocubu's Refrigeration  Ice            0%           100%        6
 Starburst                Conj/Fire      0%           100%        6
 Statue Form              Tmut/Erth      0%           100%        6
 Dragon Form              Tmut           0%           100%        7
 Malign Gateway           Summ/Tloc      0%           100%        7
 Monstrous Menagerie      Summ           0%           100%        7
 Summon Greater Demon     Summ           0%           100%        7
 Ignition                 Fire           0%           100%        8
 Summon Horrible Things   Summ           0%           100%        8
 Tornado                  Air            0%           100%        9


Dungeon Overview and Level Annotations

Branches:
Dungeon (15/15)            Temple (1/1) D:4            Lair (6/6) D:10
 Shoals (4/4) Lair:3       Spider (4/4) Lair:2        Slime (5/5) Lair:5
    Orc (2/2) D:12            Elf (3/3) Orc:2        Vaults (4/5) D:14
  Crypt (0/3) Vaults:2     Depths (3/5) D:15         Bailey (visited)
  IceCv (visited)         Gauntlet (visited)

Altars:
Ashenzari
Cheibriados
Dithmenos
Elyvilon
Fedhas
Gozag
Hepliaklqana
Makhleb
Nemelex Xobeh
Okawaru
Qazlal
Ru
Trog
Vehumet
Wu Jian
Xom
Yredelemnul
Zin
The Shining One
Beogh
Lugonu

Shops:
D:10 !   Orc:2 *[:(   Elf:3 :(:   Shoals:3 [   Vaults:1 =   Vaults:2 *
Depths:1 [

Portals:
Hell: Depths:1 Depths:2
Abyss: Depths:1

Annotations:
Spider:4 Roxanne
Slime:5 Royal Jelly
Vaults:3 2 runed translucent doors, astronautguy's ghost, master FoEE
Depths:2 Mara


Innate Abilities, Weirdness & Mutations

(You are completely covered in rugged brown scales. (AC +3, +7% HP))
You have supernaturally acute eyesight. (SInv)
((Armour fits poorly on your strangely shaped body.))
((You can roll at nearby foes to attack.))
((You have a long armoured tail.))
((You curl defensively after being hit.))
You tend to lose your temper in combat.
Your magical capacity is low. (-10% MP)


Message History

* * * LOW HITPOINT WARNING * * *
The acid corrodes you!
You are splashed with acid!
* * * LOW HITPOINT WARNING * * *
Unknown command.
Evoke which item? (* to show all) (? for menu, Esc to quit)
Okay, then.
You feel protected. The acid blob spits acid at you.
The splash of acid hits you. You resist.
* * * LOW HITPOINT WARNING * * *
You are splashed with acid.
You resist.
* * * LOW HITPOINT WARNING * * *
The acid blob spits acid at you.
The splash of acid hits you but does no damage.
You are splashed with acid.
You resist.
* * * LOW HITPOINT WARNING * * *
You block the azure jelly's attack. x2
The azure jelly hits you but does no damage. x2
The azure jelly hits you.
You die...

#..................#
##.........#.#....####
#...........##.....#.##
#...........##........# ##
...................#.###.##
....#.............#..#....
.#. #...#................ #
#..........JJJ...#.#
#....##......♣J.....###
#..#####.....JJ.......###
#... ##...................
##.###.......#............
#......................#.#
#......................#
..........##...........#
#.#......##......#..#..# #
#..#..###.....#####...#


You could see 3 acid blobs and 3 azure jellies.

Vanquished Creatures
  Mennas (Vaults:4)
  Bai Suzhen (Shoals:3)
  Saint Roka (Vaults:3)
  2 golden dragons (Depths:2)
  Nikola (Depths:2)
  Arachne (Spider:3)
  Rupert (D:12)
  3 deep elf blademasters
  2 liches (Depths:2)
  Asterion (Spider:4)
  2 deep elf master archers (Elf:3)
  Frances (Shoals:2)
  32 acid blobs
  A sphinx (Depths:2)
  A shadow dragon (Depths:2)
  Polyphemus (Shoals:3)
  Donald (Shoals:3)
  Kirke (Spider:4)
  18 azure jellies
  Ilsuiw (Shoals:2)
  A storm dragon (Vaults:4)
  5 fire giants
  Aizul (Shoals:3)
  3 frost giants
  5 vault wardens (Vaults:4)
  5 deep elf sorcerers
  2 orc warlords (Orc:2)
  4 ghost moths (Spider:4)
  4 deep elf elementalists (Elf:3)
  A spriggan defender (Depths:2)
  6 emperor scorpions
  13 stone giants
  12 ironheart preservers
  16 very ugly things
  2 war gargoyles
  2 vampire knights
  6 entropy weavers
  6 deep elf demonologists
  The ghost of Nyviclae the Blocker, a journeyman GnFi of Gozag (Orc:2)
  The ghost of Hosyrr the Blocker, a journeyman GnFi of Ashenzari (Lair:4)
  12 deep elf annihilators
  A minotaur (Gauntlet)
  5 spark wasps
  A spark wasp (shapeshifter) (Depths:2)
  6 crystal guardians
  3 ettins
  16 death oozes
  Snorg (D:12)
  5 merfolk javelineers
  8 merfolk impalers
  The ghost of Veudig the Severer, a journeyman HOFi of Dithmenos (Orc:2)
  The ghost of Veudig the Severer, a journeyman HOFi of Dithmenos (Orc:2)
  Josephine (D:11)
  3 jiangshi (D:15)
  13 yaktaur captains
  7 deep elf death magi
  The ghost of Ciata the Cleaver, a journeyman MiBe of Trog (Orc:2)
  12 ogre magi
  8 fire dragons
  14 great orbs of eyes
  3 deep elf high priests
  Harold (Orc:1)
  13 ice dragons
  Fannar (D:11)
  10 hydras
  8 vault guards
  A spriggan air mage (Depths:2)
  3 rakshasas
  16 centaur warriors
  50 two-headed ogres
  An anaconda (shapeshifter) (Depths:2)
  14 boulder beetles
  4 catoblepae
  4 death knights
  6 merfolk aquamancers
  6 merfolk avatars
  7 death scarabs (Spider:4)
  28 dancing weapons
  6 satyrs
  2 spriggan berserkers (Depths:2)
  6 tengu warriors
  4 vampire magi
  A queen ant (Lair:4)
  7 deep troll earth magi
  A hell hog (Depths:2)
  2 deep troll shamans (Depths:2)
  Urug (D:12)
  8 death yaks
  3 orc high priests (Orc:2)
  Sonja (Orc:2)
  18 deep elf knights
  11 skeletal warriors
  2 fire crabs (shapeshifter)
  A death drake (shapeshifter) (Depths:1)
  3 shadow wraiths
  A large abomination (Elf:3)
  9 sea snakes
  A wizard (Depths:2)
  An unseen horror (D:14)
  21 deep trolls
  An unseen horror (shapeshifter) (Vaults:2)
  6 flayed ghosts
  A tengu zombie (D:15)
  A lindwurm (Lair:2)
  3 phantasmal warriors
  18 deep elf archers
  6 necromancers
  3 spectral wolf spiders (Spider:4)
  16 ironbrand convokers
  18 harpies
  2 orb spiders (shapeshifter)
  31 wolf spiders
  11 shining eyes
  10 cyclopes
  72 deep elf magi
  10 orc sorcerers
  A sphinx skeleton (Vaults:4)
  A tengu skeleton (Vaults:4)
  13 orc knights
  20 orb spiders
  34 ugly things
  2 stone giant zombies
  25 fauns
  10 manticores
  Maurice (D:9)
  A salamander (shapeshifter) (Vaults:1)
  4 moths of wrath
  9 black mambas
  A spriggan zombie (D:15)
  5 elephants (Lair:6)
  11 merfolk sirens
  10 vault sentinels
  A torpor snail (shapeshifter) (Vaults:2)
  3 ice statues (IceCv)
  5 water nymphs
  A torpor snail (Lair:5)
  An eye of devastation (Slime:4)
  3 gargoyles
  5 spectral swamp worms (Depths:1)
  11 cane toads
  8 centaur skeletons
  A cane toad (shapeshifter) (Gauntlet)
  10 komodo dragons
  3 rime drakes
  2 spectral redbacks
  11 ice devils (IceCv)
  14 demonic crawlers
  4 freezing wraiths
  3 redback zombies (Spider:4)
  41 yaktaurs
  4 tengu conjurers
  A queen bee (Spider:1)
  37 merfolk
  53 jumping spiders
  9 trolls
  2 spectral tarantellas (Spider:4)
  6 meliai
  A meliai (shapeshifter) (Vaults:3)
  3 polar bears
  7 wind drakes
  Prince Ribbit (D:5)
  13 hornets
  A wind drake (shapeshifter) (Depths:2)
  3 wolf spider simulacra
  A polar bear (shapeshifter) (Vaults:4)
  A raiju (shapeshifter) (Depths:1)
  7 snapping turtles
  A deep troll zombie (D:15)
  A jumping spider zombie (Spider:4)
  88 slime creatures
  8 blink frogs
  Grinder (D:4)
  A spectral jumping spider (Spider:3)
  4 dream sheep (Shoals:1)
  A meliai zombie (D:15)
  4 tarantella zombies (Spider:4)
  A frost giant simulacrum (Vaults:1)
  3 air elementals (Elf:2)
  31 tarantellas
  13 water elementals
  A shadow (D:13)
  A vampire (D:14)
  12 wraiths
  Sigmund (D:3)
  Eustachio (D:5)
  95 redbacks
  2 spriggans
  An ettin skeleton (Vaults:3)
  10 wyverns
  A steam dragon (D:10)
  46 yaks
  5 basilisks
  2 hogs (Spider:3)
  3 golden eyes (Slime:5)
  Edmund (D:5)
  Menkaure (D:4)
  3 vampire mosquitoes
  A harpy simulacrum (Gauntlet)
  9 wargs
  A swamp worm (shapeshifter) (Gauntlet)
  A hydra simulacrum (Gauntlet)
  25 soldier ants
  7 hell hounds (Depths:2)
  19 water moccasins
  2 spectral hornets (Spider:4)
  A sky beast (shapeshifter) (Vaults:4)
  8 black bears
  7 ice beasts
  57 orc warriors
  2 sky beasts (D:6)
  A meliai simulacrum (Gauntlet)
  38 ogres
  4 phantoms
  19 wolves
  8 eyes of draining
  5 necrophages
  7 boggarts
  24 centaurs
  A human skeleton (Vaults:3)
  A big kobold (shapeshifter) (Vaults:4)
  3 big kobolds
  A spectral wyvern (D:13)
  20 bullfrogs
  10 gnoll sergeants
  A glowing shapeshifter simulacrum (Vaults:2)
  5 earth elementals
  A wyvern skeleton (D:9)
  8 scorpions
  24 killer bees
  12 wights
  4 howler monkeys
  5 electric eels
  12 hounds
  2 human simulacra
  A hound (shapeshifter) (Depths:2)
  5 centaur zombies
  A bullfrog skeleton (D:6)
  3 bullfrog zombies
  A draconian simulacrum (IceCv)
  13 jellies
  Crazy Yiuf (D:5)
  41 orc priests
  6 gnoll shamans (Bailey)
  2 iguanas
  Jessica (D:3)
  Natasha (thrice) (D:2)
  Terence (D:3)
  55 orc wizards
  31 worker ants
  3 spriggan simulacra (IceCv)
  A killer bee zombie (D:10)
  The ghost of jeanjacques the Sneak, a weakling DDDe (D:5)
  4 centaur simulacra (IceCv)
  A hound skeleton (D:4)
  2 worker ant zombies
  Robin (D:2)
  27 gnolls
  19 adders
  A naga simulacrum (IceCv)
  An ogre simulacrum (IceCv)
  2 white imps
  2 shadow imps (D:5)
  3 ufetubi
  3 oozes (Lair:5)
  3 adder skeletons
  4 worms
  3 dart slugs
  6 leopard geckos
  129 orcs
  7 giant cockroaches
  15 goblins
  13 hobgoblins
  14 jackals
  8 quokkas
  2 ball pythons (D:3)
  6 bats
  6 frilled lizards
  A giant cockroach zombie (D:6)
  19 kobolds
  A leopard gecko skeleton (D:7)
  A leopard gecko zombie (D:2)
  2 quokka skeletons
  A quokka zombie (D:8)
  6 rats
  7 butterflies (Vaults:4)
2397 creatures vanquished.

Vanquished Creatures (collateral kills)
  A very ugly thing (Depths:2)
  A deep troll shaman (Depths:2)
  An ugly thing (Depths:1)
  3 orc warriors
  An orc (Orc:2)
7 creatures vanquished.

Vanquished Creatures (others)
  A very ugly thing (Depths:2)
  A dancing weapon (Elf:2)
  A deep troll (Depths:2)
  An unseen horror (shapeshifter) (Vaults:3)
  A deep elf mage (Vaults:1)
  2 ugly things
  An orb spider (Spider:1)
  A spectral redback (Spider:4)
  2 jumping spiders (Spider:2)
  2 merfolk
  A human (Spider:4)
  3 ogres
  An orc (Orc:2)
  3 bushes (Lair:5)
  29 fungi
  212 plants
  10 withered plants
272 creatures vanquished.

Grand Total: 2676 creatures vanquished

Notes
Turn   | Place    | Note
-------+----------+-------------------------------------------
     0 | D:1      | Gauvater the Palentonga Fighter began the quest for the
                  | Orb.
     0 | D:1      | Reached XP level 1. HP: 20/20 MP: 1/1
   297 | D:1      | Reached XP level 2. HP: 23/27 MP: 2/2
   927 | D:2      | Reached XP level 3. HP: 15/33 MP: 3/3
  1402 | D:2      | Identified the +2 helmet "Oblaured" {Rampage rF+ Str-2}
  1402 | D:2      | Noticed Robin
  1419 | D:3      | Reached XP level 4. HP: 33/40 MP: 4/4
  1639 | D:3      | Noticed Jessica
  1644 | D:3      | Killed Jessica
  1694 | D:3      | You fall into a shaft and drop 1 floor!
  1707 | D:4      | Reached XP level 5. HP: 41/49 MP: 5/5
  1773 | D:4      | Noticed Grinder
  1811 | D:4      | Paralysed by Grinder for 5 turns
  2028 | D:3      | Found a sacrificial altar of Ru.
  2042 | D:3      | Noticed Terence
  2048 | D:3      | Killed Terence
  2049 | D:3      | Reached skill level 4 in Fighting
  2151 | D:3      | Noticed Sigmund
  2221 | D:2      | Killed Robin
  2222 | D:2      | Reached XP level 6. HP: 55/55 MP: 6/6
  2256 | D:2      | Noticed Natasha
  2273 | D:2      | Killed Natasha
  2298 | D:2      | Noticed Natasha
  2307 | D:2      | Killed Natasha
  2434 | D:2      | Noticed Natasha
  2442 | D:2      | Killed Natasha
  2695 | D:3      | Found a sparkling altar of Nemelex Xobeh.
  2843 | D:3      | Killed Sigmund
  2844 | D:3      | Gained mutation: You curl defensively after being hit.
                  | [Palentonga growth]
  2844 | D:3      | Reached XP level 7. HP: 60/63 MP: 7/7
  3034 | D:4      | Reached skill level 5 in Axes
  3105 | D:4      | Paralysed by Grinder for 3 turns
  3140 | D:4      | Killed Grinder
  3360 | D:4      | Noticed Menkaure
  3366 | D:4      | Killed Menkaure
  3367 | D:4      | Reached skill level 5 in Fighting
  3367 | D:4      | Reached skill level 1 in Dodging
  3367 | D:4      | Reached XP level 8. HP: 33/72 MP: 8/8
  3475 | D:4      | Found a staircase to the Ecumenical Temple.
  3505 | Temple   | Entered the Ecumenical Temple
  3527 | Temple   | Became a worshipper of the Wu Jian Council
  3981 | D:5      | Entered Level 5 of the Dungeon
  4015 | D:5      | Found a transporter.
  4030 | D:5      | Found a transporter.
  4030 | D:5      | Noticed jeanjacques's ghost (weakling DDDe)
  4139 | D:5      | Noticed Prince Ribbit
  4162 | D:5      | Noticed Eustachio
  4215 | D:5      | Killed Prince Ribbit
  4216 | D:5      | Reached skill level 1 in Stealth
  4216 | D:5      | Reached skill level 1 in Evocations
  4232 | D:5      | Killed Eustachio
  4233 | D:5      | Reached skill level 1 in Throwing
  4293 | D:5      | Noticed Edmund
  4317 | D:5      | Killed Edmund
  4318 | D:5      | Reached skill level 6 in Fighting
  4613 | D:5      | Reached XP level 9. HP: 83/83 MP: 9/9
  4927 | D:5      | Found a runed translucent door.
  4928 | D:5      | Noticed Crazy Yiuf
  5325 | D:6      | Reached skill level 5 in Shields
  5371 | D:6      | Reached skill level 7 in Fighting
  5736 | D:7      | Reached * piety under Wu Jian
  6309 | D:7      | Reached skill level 8 in Fighting
  6995 | D:8      | Got a clouded brass amulet
  7011 | D:8      | Identified the amulet "Diniys" {Faith *Contam rElec Will++
                  | Slay+6} (You found it on level 8 of the Dungeon)
  7115 | D:8      | Reached ** piety under Wu Jian
  7192 | D:8      | Reached skill level 1 in Maces & Flails
  7192 | D:8      | Reached skill level 5 in Armour
  7294 | D:8      | Found a shadowy altar of Dithmenos.
  7364 | D:9      | Reached skill level 1 in Polearms
  7384 | D:9      | Reached XP level 10. HP: 96/96 MP: 10/10
  7760 | D:9      | Found an opulent altar of Gozag.
  7788 | D:9      | Reached *** piety under Wu Jian
  7829 | D:9      | Noticed a brown ugly thing
  8014 | D:9      | Reached skill level 9 in Fighting
  8101 | D:10     | Entered Level 10 of the Dungeon
  8102 | D:10     | Noticed a two-headed ogre
  8105 | D:10     | Noticed Maurice
  8331 | D:10     | Killed a two-headed ogre
  8349 | D:9      | Killed Maurice
  8815 | D:9      | Killed a brown ugly thing
  8816 | D:9      | Reached skill level 5 in Evocations
  9900 | D:10     | Noticed a two-headed ogre
  9921 | D:9      | Killed a two-headed ogre
  9922 | D:9      | Reached skill level 10 in Fighting
 10214 | D:10     | Reached XP level 11. HP: 104/108 MP: 11/11
 10614 | D:10     | Reached skill level 5 in Polearms
 10685 | D:10     | Reached **** piety under Wu Jian
 11371 | D:10     | Found a staircase to the Lair.
 11851 | D:10     | Found Qaunir's Distillery.
 11857 | D:10     | Bought a potion of might for 44 gold pieces
 11857 | D:10     | Bought a potion of curing for 33 gold pieces
 11857 | D:10     | Bought a potion of resistance for 110 gold pieces
 12040 | D:11     | Got a pitted ring mail
 12051 | D:11     | Identified the cursed +0 ring mail of Horid {Str+2 Slay+3}
                  | (You found it on level 11 of the Dungeon)
 12210 | D:11     | Noticed a centaur warrior
 12218 | D:11     | Reached ***** piety under Wu Jian
 12307 | D:11     | Killed a centaur warrior
 12490 | D:11     | Noticed a two-headed ogre
 12497 | D:11     | Killed a two-headed ogre
 12498 | D:11     | Reached skill level 11 in Fighting
 12510 | D:11     | Noticed Fannar
 12525 | D:11     | Killed Fannar
 12797 | D:11     | Noticed Josephine
 12811 | D:11     | Killed Josephine
 13139 | D:10     | Bought a potion of resistance for 110 gold pieces
 13139 | D:10     | Bought a potion of curing for 33 gold pieces
 13139 | D:10     | Bought a potion of curing for 33 gold pieces
 13139 | D:10     | Bought a potion of curing for 33 gold pieces
 13172 | Lair:1   | Entered Level 1 of the Lair of Beasts
 13396 | Lair:1   | Reached XP level 12. HP: 117/117 MP: 12/12
 13429 | Lair:1   | Found a gate leading to a gauntlet.
 13471 | Gauntlet | Entered a Gauntlet
 13471 | Gauntlet | Found a runed translucent door.
 13471 | Gauntlet | Found a transporter.
 13471 | Gauntlet | Found a runed translucent door.
 13471 | Gauntlet | Found a transporter.
 13479 | Gauntlet | Found a transporter.
 13482 | Gauntlet | Found a transporter.
 13482 | Gauntlet | Found a transporter.
 13499 | Gauntlet | Found a transporter.
 13501 | Gauntlet | Noticed a catoblepas
 13511 | Gauntlet | Found a transporter.
 13687 | Gauntlet | Found a transporter.
 13691 | Gauntlet | Found a transporter.
 13691 | Gauntlet | Found a transporter.
 13693 | Gauntlet | Noticed a green death
 13706 | Gauntlet | Found a transporter.
 13941 | Gauntlet | Identified the Grimoire of the Snowflakes
 13988 | Gauntlet | Found a transporter.
 13989 | Gauntlet | Found the +11 plutonium sword {*Contam Stlth-}
 14198 | Gauntlet | Got an ichor-stained cloak
 14209 | Gauntlet | Identified the cursed +0 cloak of the New World {Rampage
                  | rPois Dex+2} (You found it in a Gauntlet)
 14212 | Gauntlet | Found a transporter.
 14434 | Gauntlet | Identified the +9 battleaxe of Karma {flame, rElec rPois
                  | rF- Int+4}
 14434 | Gauntlet | Noticed a minotaur
 14447 | Gauntlet | Killed a minotaur
 14456 | Gauntlet | Identified the Handbook of the Poles
 14777 | Lair:1   | Reached skill level 5 in Maces & Flails
 15270 | Lair:1   | Reached skill level 12 in Fighting
 15617 | Lair:2   | Noticed a five-headed hydra
 15623 | Lair:2   | Killed a two-headed hydra
 15961 | Lair:2   | Found a hole to the Spider Nest.
 15963 | Lair:2   | Noticed a boulder beetle
 17188 | Lair:2   | Killed a boulder beetle
 17570 | Lair:3   | Reached skill level 13 in Fighting
 17576 | Lair:3   | Reached XP level 13. HP: 123/130 MP: 13/13
 18103 | Lair:3   | Found a staircase to the Shoals.
 18236 | Lair:3   | Found a white marble altar of Elyvilon.
 19204 | Lair:4   | Reached ****** piety under Wu Jian
 19403 | Lair:4   | Reached skill level 10 in Axes
 19475 | Lair:4   | Noticed an entropy weaver
 19490 | Lair:4   | Killed an entropy weaver
 19575 | Lair:4   | Noticed an entropy weaver
 20690 | Lair:5   | Got a jewelled ring mail
 20700 | Lair:5   | Identified the +5 ring mail of Xom {Harm rPois rF- Str+5}
                  | (You found it on level 5 of the Lair of Beasts)
 20807 | Lair:4   | Found a runed translucent gate.
 20843 | Lair:4   | Found a runed translucent gate.
 20844 | Lair:4   | Found a runed translucent gate.
 20846 | Lair:4   | Noticed Hosyrr's ghost (journeyman GnFi)
 20860 | Lair:4   | Killed an entropy weaver
 22133 | Lair:5   | Found a staircase to the Slime Pits.
 22174 | Lair:5   | Got a transparent granite ring
 22174 | Lair:5   | Identified the ring "Isadit" {rC+ rN+} (You found it on
                  | level 5 of the Lair of Beasts)
 22648 | Lair:6   | Entered Level 6 of the Lair of Beasts
 22895 | Lair:6   | Reached XP level 14. HP: 107/139 MP: 14/14
 23704 | Lair:6   | Reached skill level 14 in Fighting
 23741 | Lair:6   | Reached skill level 5 in Dodging
 25148 | D:12     | Found a flagged portal.
 25287 | D:12     | Got a twisted flail
 25287 | D:12     | Identified the +9 flail of Cheibriados {vorpal, +Fly rC+}
                  | (You found it on level 12 of the Dungeon)
 25302 | Bailey   | Entered a bailey
 25636 | Bailey   | Found the +4 moon troll leather armour {Spirit, Regen++
                  | MP+5}
 25641 | Bailey   | Got a crude shortbow
 25738 | D:12     | Identified the +7 shortbow of Defiance {vorpal, rElec rN+
                  | Int+3} (You found it in a bailey)
 25813 | D:12     | Got a shimmering trident
 25814 | D:12     | Identified the +1 trident "Ciede Ame" {flame, *Rage rF+
                  | MP+9 Stlth+} (You found it on level 12 of the Dungeon)
 25976 | D:12     | Noticed Snorg
 25992 | D:12     | Killed Snorg
 26012 | D:12     | Noticed Urug
 26691 | D:12     | Killed Urug
 26931 | D:12     | Found a staircase to the Orcish Mines.
 26986 | D:12     | Noticed Rupert
 26998 | D:12     | Killed Rupert
 27276 | D:12     | Identified the +6 falchion "Suomidic" {drain, rC+}
 27775 | Orc:1    | Entered Level 1 of the Orcish Mines
 27777 | Orc:1    | Noticed a stone giant
 28373 | D:12     | Killed a stone giant
 28931 | Orc:1    | Reached XP level 15. HP: 135/148 MP: 15/15
 29113 | Orc:1    | Found a roughly hewn altar of Beogh.
 29267 | Orc:1    | Noticed Harold
 29275 | Orc:1    | Killed Harold
 29520 | Orc:2    | Entered Level 2 of the Orcish Mines
 29521 | Orc:2    | Noticed an orc warlord
 29531 | Orc:2    | Killed an orc warlord
 29907 | Orc:2    | Found a runed translucent gate.
 29908 | Orc:2    | Found a runed translucent gate.
 29908 | Orc:2    | Noticed Ciata's ghost (journeyman MiBe)
 29908 | Orc:2    | Noticed Veudig's ghost (journeyman HOFi)
 29908 | Orc:2    | Noticed Nyviclae's ghost (journeyman GnFi)
 29909 | Orc:2    | Found a runed translucent gate.
 29915 | Orc:2    | Found a staircase to the Elven Halls.
 30393 | Orc:2    | Noticed Veudig's ghost (journeyman HOFi)
 30414 | Orc:2    | Noticed Sonja
 30419 | Orc:2    | Killed Sonja
 30485 | Orc:2    | Noticed an orc warlord
 31166 | Orc:2    | Killed an orc warlord
 32127 | Orc:2    | Found Siykhipa's General Store.
 32129 | Orc:2    | Found Maqoklino's Book Shop.
 32132 | Orc:2    | Found Ufaolui's Antique Armour Shop.
 32132 | Orc:2    | Found Fiecob's Antique Weapon Boutique.
 32596 | Orc:2    | Bought a runed executioner's axe for 299 gold pieces
 32651 | Elf:1    | Entered Level 1 of the Elven Halls
 32878 | Elf:1    | Found a radiant altar of Vehumet.
 32913 | Elf:1    | Reached skill level 15 in Fighting
 35335 | Elf:2    | Reached XP level 16. HP: 120/159 MP: 16/16
 35541 | Elf:2    | Found a runed translucent gate.
 35542 | Elf:2    | Found a runed translucent gate.
 35554 | Elf:2    | Found a runed translucent gate.
 36292 | Elf:2    | Noticed a deep elf blademaster
 36307 | Elf:2    | Killed a deep elf blademaster
 36667 | Elf:2    | Reached skill level 10 in Maces & Flails
 36667 | Elf:2    | Reached skill level 10 in Armour
 37199 | Elf:2    | Reached skill level 10 in Evocations
 37304 | Elf:2    | Identified a scroll of acquirement
 37305 | Elf:2    | Acquired a +0 barding of fire resistance
 38074 | Orc:2    | Bought the -2 hat of the Alchemist {rElec rPois rF+ rC+ rN+
                  | Will+ rMut rCorr} for 991 gold pieces
 38074 | Orc:2    | Found the -2 hat of the Alchemist {rElec rPois rF+ rC+ rN+
                  | Will+ rMut rCorr}
 38308 | D:13     | Found a frozen archway.
 38359 | IceCv    | Entered an ice cave
 38918 | IceCv    | Got an encrusted falchion
 38919 | IceCv    | Identified the +9 falchion of Wyrd {speed, Dex+5 SInv} (You
                  | found it in an ice cave)
 39128 | D:13     | Reached skill level 10 in Shields
 40007 | D:14     | Reached XP level 17. HP: 169/169 MP: 17/17
 40122 | D:14     | Found a stormy altar of Qazlal.
 40408 | D:14     | Reached skill level 16 in Fighting
 40955 | D:14     | Found a gate to the Vaults.
 41416 | D:15     | Entered Level 15 of the Dungeon
 41561 | Lair:4   | Killed Hosyrr's ghost
 42010 | D:15     | Found a staircase to the Depths.
 43400 | D:15     | Found a broken altar of Ashenzari.
 43785 | Depths:1 | Entered Level 1 of the Depths
 43926 | Shoals:1 | Entered Level 1 of the Shoals
 44531 | Shoals:2 | Noticed Frances
 44565 | Shoals:2 | Killed Frances
 44841 | Shoals:2 | Reached XP level 18. HP: 167/179 MP: 18/18
 45263 | Shoals:3 | Noticed Ilsuiw
 45279 | Shoals:2 | Killed Ilsuiw
 45869 | Shoals:3 | Noticed Bai Suzhen
 46251 | Shoals:3 | Killed Bai Suzhen
 46633 | Shoals:3 | Noticed Donald
 46649 | Shoals:3 | Killed Donald
 46749 | Shoals:3 | Noticed Polyphemus
 46761 | Shoals:3 | Killed Polyphemus
 47308 | Shoals:3 | Found Budereq's Armour Emporium.
 47504 | Shoals:3 | Identified the +2 robe "Heuk" {rPois Str-2 Int+9 Dex+4}
 47557 | Shoals:4 | Entered Level 4 of the Shoals
 47557 | Shoals:4 | Noticed Aizul
 47573 | Shoals:3 | Killed Aizul
 48220 | Shoals:4 | Identified the Compendium of Ice
 48589 | Shoals:4 | Reached skill level 17 in Fighting
 49360 | Shoals:4 | Reached XP level 19. HP: 172/189 MP: 19/19
 49599 | Shoals:4 | Got a barnacled rune of Zot
 49786 | Spider:1 | Entered Level 1 of the Spider Nest
 51157 | Spider:1 | HP: 8/189 [disintegration (36)]
 53430 | Spider:3 | Noticed Arachne
 53442 | Spider:3 | Killed Arachne
 54376 | Spider:4 | Entered Level 4 of the Spider Nest
 54463 | Spider:4 | Noticed Kirke
 54653 | Spider:3 | Reached skill level 10 in Dodging
 56036 | Spider:4 | Noticed Asterion
 56128 | Spider:4 | Killed Asterion
 56883 | Spider:4 | Killed Kirke
 58899 | Spider:4 | Reached XP level 20. HP: 200/200 MP: 20/20
 58920 | Spider:4 | Identified Roxanne's Reference Book on Moulding
 58920 | Spider:4 | Noticed Roxanne
 60945 | Spider:4 | Got a gossamer rune of Zot
 61206 | Lair:2   | Acquired 1052 gold pieces
 61294 | Slime:1  | Entered Level 1 of the Pits of Slime
 61728 | Lair:5   | Gained mutation: You tend to lose your temper in combat. [a
                  | shining eye]
 61733 | Lair:5   | Reached skill level 18 in Fighting
 63065 | Slime:2  | HP: 10/200 [acid (3)]
 63071 | Slime:2  | HP: 9/200 [acid (4)]
 64062 | Depths:1 | Upgraded the game from 0.26.0-41-g79a4fc7684 to
                  | 0.26.0-45-g9c1d065592
 64075 | Depths:1 | Found a corrupted altar of Lugonu.
 64075 | Depths:1 | Found a one-way gate to the infinite horrors of the Abyss.
 64189 | Depths:1 | Found Boesi's Antique Armour Shoppe.
 64423 | Depths:1 | Bought a shimmering plate armour for 896 gold pieces
 64423 | Depths:1 | Bought a shimmering helmet for 304 gold pieces
 64423 | Depths:1 | Bought a twisted kite shield for 304 gold pieces
 64436 | Depths:1 | Identified the +0 kite shield of Kleptomania {Rampage rF+
                  | Str+2} (You bought it in a shop on level 1 of the Depths)
 64446 | Depths:1 | Identified the +9 plate armour of Inviolability {-Cast
                  | rElec rPois Will+++} (You bought it in a shop on level 1 of
                  | the Depths)
 64456 | Depths:1 | Identified the +2 helmet of Jetwivuz {+Inv} (You bought it
                  | in a shop on level 1 of the Depths)
 64531 | Depths:1 | Got a heavily runed leather armour
 64541 | Depths:1 | Identified the cursed +0 leather armour "Zasirpho" {+Inv
                  | rCorr} (You found it on level 1 of the Depths)
 66501 | Elf:3    | Entered Level 3 of the Elven Halls
 66531 | Elf:3    | Found Wyankeve's Book Emporium.
 66533 | Elf:3    | Found Gicyoloe's Weapon Shoppe.
 66536 | Elf:3    | Found Vyajecac's Book Emporium.
 67059 | Elf:3    | Reached XP level 21. HP: 208/208 MP: 21/21
 67120 | Elf:3    | Identified the +4 chain mail "Weki" {rPois rF+}
 67254 | Elf:3    | Identified the ring of the Median {+Blink rN++ Str-5 Int+4
                  | Stlth+}
 67659 | Elf:3    | Got a warped shortbow
 67659 | Elf:3    | Identified the +5 shortbow of the Bouncing Thickets {flame,
                  | rElec rPois rF+++ Dex-2} (You found it on level 3 of the
                  | Elven Halls)
 67675 | Elf:3    | Acquired 666 gold pieces
 67693 | Elf:3    | Got a twisted ring mail
 67703 | Elf:3    | Identified the +1 ring mail of Unosmeti {+Blink rPois rC-}
                  | (You found it on level 3 of the Elven Halls)
 67973 | Elf:3    | Identified the +1 fire dragon scales "Wauroegg" {*Contam
                  | rF++ rC- rCorr Dex+4 Stlth+} (You found it on level 3 of
                  | the Elven Halls)
 68266 | Vaults:1 | Entered Level 1 of the Vaults
 68811 | Vaults:1 | Reached skill level 15 in Axes
 69493 | Vaults:1 | Found Owahampopn's Jewellery Shop.
 70856 | Vaults:2 | Found a staircase to the Crypt.
 71606 | Vaults:2 | Reached XP level 22. HP: 218/218 MP: 22/22
 71607 | Vaults:2 | Reached skill level 19 in Fighting
 71799 | Vaults:2 | Found Ytaca's Assorted Antiques.
 71817 | Vaults:2 | Bought a potion of curing for 63 gold pieces
 71817 | Vaults:2 | Bought a potion of curing for 63 gold pieces
 73332 | Vaults:3 | Noticed Saint Roka
 73356 | Vaults:3 | Killed Saint Roka
 73370 | Vaults:3 | Found a large runed translucent door.
 73370 | Vaults:3 | Found a large runed translucent door.
 73372 | Vaults:3 | Noticed astronautguy's ghost (master FoEE)
 75136 | Vaults:4 | Reached XP level 23. HP: 214/230 MP: 23/23
 75348 | Vaults:4 | Identified the +3 ring mail of Fortification {rC+ Will-
                  | rCorr Str+4}
 75366 | Vaults:4 | Found a huge runed gate.
 75366 | Vaults:4 | Found a huge runed gate.
 75366 | Vaults:4 | Found a huge runed gate.
 75367 | Vaults:4 | Found a huge runed gate.
 75367 | Vaults:4 | Found a huge runed gate.
 75367 | Vaults:4 | Found a huge runed gate.
 75368 | Vaults:4 | Found a huge runed gate.
 75368 | Vaults:4 | Found a huge runed gate.
 75368 | Vaults:4 | Found a huge runed gate.
 75388 | Vaults:4 | Noticed Mennas
 75407 | Vaults:4 | Killed Mennas
 75813 | Vaults:4 | Reached skill level 20 in Fighting
 75886 | Vaults:4 | Found a huge runed gate.
 75890 | Vaults:4 | Found a huge runed gate.
 75890 | Vaults:4 | Found a huge runed gate.
 75890 | Vaults:4 | Found a huge runed gate.
 75890 | Vaults:4 | Found a huge runed gate.
 75890 | Vaults:4 | Found a huge runed gate.
 75890 | Vaults:4 | Found a huge runed gate.
 75890 | Vaults:4 | Found a huge runed gate.
 75894 | Vaults:4 | Found a huge runed gate.
 75895 | Vaults:4 | Found a huge runed gate.
 75903 | Vaults:4 | Found a huge runed gate.
 75903 | Vaults:4 | Found a huge runed gate.
 75903 | Vaults:4 | Found a huge runed gate.
 75903 | Vaults:4 | Found a huge runed gate.
 75903 | Vaults:4 | Found a huge runed gate.
 75903 | Vaults:4 | Found a huge runed gate.
 76056 | Vaults:4 | Found a huge runed gate.
 76056 | Vaults:4 | Found a huge runed gate.
 76056 | Vaults:4 | Found a huge runed gate.
 76056 | Vaults:4 | Found a huge runed gate.
 76056 | Vaults:4 | Found a huge runed gate.
 76057 | Vaults:4 | Found a huge runed gate.
 76058 | Vaults:4 | Found a huge runed gate.
 76059 | Vaults:4 | Found a huge runed gate.
 76060 | Vaults:4 | Found a huge runed gate.
 76079 | Vaults:4 | Found a huge runed gate.
 76079 | Vaults:4 | Found a huge runed gate.
 76473 | Orc:2    | Killed Veudig's ghost
 76477 | Orc:2    | Killed Nyviclae's ghost
 76482 | Orc:2    | Killed Veudig's ghost
 76483 | Orc:2    | Killed Ciata's ghost
 76792 | D:5      | Killed Crazy Yiuf
 76837 | D:5      | Killed jeanjacques's ghost
 77626 | Depths:1 | Found a gateway to Hell.
 78823 | Depths:2 | Noticed Nikola
 78832 | Depths:2 | Killed Nikola
 78868 | Depths:2 | Got faintly glowing gold dragon scales
 78878 | Depths:2 | Identified the +2 gold dragon scales of Love and Death
                  | {rPois rF+ rC+ Str+4} (You found it on level 2 of the
                  | Depths)
 79247 | Depths:2 | Noticed Mara
 79279 | Depths:2 | Reached skill level 21 in Fighting
 79315 | Depths:2 | Reached XP level 24. HP: 131/243 MP: 23/23
 80391 | Depths:2 | Reached skill level 15 in Armour
 81205 | Slime:5  | Entered Level 5 of the Pits of Slime
 82514 | Slime:5  | Reached skill level 5 in Throwing
 82533 | Slime:5  | Noticed the Royal Jelly
 83257 | Slime:5  | Gained mutation: Your magical capacity is low. (-10% MP) [a
                  | shining eye]
 85290 | Slime:4  | HP: 13/360 [acid[the Royal Jelly] (12)]
 85291 | Slime:4  | HP: 5/360 [acid[the Royal Jelly] (5)]
 85291 | Slime:4  | HP: 1/360 [acid[the Royal Jelly] (4)]
 85291 | Slime:4  | Slain by an azure jelly

Illustrated notes

Levels and vault maps discovered:
D:1:      eino_arrival_water_star, layout_basic, fountainhead
D:2:      layout_rooms, serial_bayou_pond_c, uniq_robin, uniq_natasha
D:3:      layout_rooms, nicolae_ru_awakened_eye, nicolae_overflow_crystal_walls,
          uniq_jessica, uniq_terence, uniq_sigmund
D:4:      layout_loops_ring, nicolae_overflow_hidden_temple,
          minmay_temple_entry_ruins, minmay_manual_macuahuitl, uniq_menkaure,
          uniq_grinder
D:5:      layout_gridville, gammafunk_ghost_arena, uniq_edmund,
          uniq_prince_ribbit1, uniq_eustachio, uniq_crazy_yiuf_cottage
D:6:      minmay_spotlight, layout_loops_ring, grunt_ministairs_11,
          kennysheep_generic_room_12
D:7:      layout_loops_corners, st_stairs_13, minmay_circle_x
D:8:      layout_basic, grunt_dithmenos_shadows, kennysheep_generic_room_10
D:9:      layout_basic, lemuel_doored_altar
D:10:     layout_rooms, minmay_lair_entry_grove, serial_undead, serial_undead_e,
          serial_undead_e, serial_undead_c, serial_undead_a, serial_shops, shop,
          minmay_crystal_water, uniq_maurice
D:11:     layout_cave_pools, hangedman_pestilent_swarm, the_bakery,
          uniq_josephine, uniq_fannar
D:12:     layout_roguey, minmay_orc_entry_guard_dogs, enter_bailey_1,
          dk_vineyard_1, nrook_pool_corridor, uniq_urug, uniq_rupert, uniq_snorg
D:13:     layout_loops_ring, portal_ice_cave_entry_animals_and_master,
          hangedman_weighted_door
D:14:     minmay_bad_star, layout_cave_pools, lightli_vaults_fourway_checkpoint,
          minmay_misc_feat_nine_boxes, basic_altar,
          chequers_serial_rivers_small_b, nrook_uturn, st_stairs_10
D:15:     gammafunk_depths_entry_grave, layout_basic, serial_bayou,
          serial_bayou_pond_d, serial_bayou_lagoon_b, serial_bayou_shore_a,
          serial_bayou_ford_a, serial_bayou_lagoon_a, skrybe_limestone_x,
          minmay_ruined_shrine
Temple:   lightli_temple_of_artemis
Lair:1:   layout_regular_city, gauntlet_entry_generic,
          infiniplex_staircase_pool_2
Lair:2:   layout_roguey, nicolae_spider_entry_non_spiders,
          minmay_shattered_shrine
Lair:3:   layout_chaotic_city, elwin_shoals_entry_rooms, basic_altar,
          beast_lair_carwin_7
Lair:4:   layout_layer_cave, gammafunk_ghost_hydra_chop, minivault_29
Lair:5:   layout_cave_pods, minmay_slime_entry_jelly_boxes, grunt_megastairs_5
Lair:6:   evilmike_catoblepas_cave, layout_misc_corridors, st_stairs_12,
          chequers_serial_rivers_marsh, serial_bayou_pond_a
Shoals:1: layout_shoals
Shoals:2: layout_shoals, nicolae_shoals_seven_spires,
          nicolae_shoals_stone_sculpture_thing, uniq_frances
Shoals:3: layout_shoals, serial_shops, nicolae_shop_trees, uniq_ilsuiw,
          uniq_polyphemus, uniq_donald, uniq_bai_suzhen
Shoals:4: shoals_end_simple, layout_shoals, shoals_ilsuiw_alternative,
          uniq_aizul
Spider:1: layout_spider_delve, drop_trap, nicolae_looking_at_the_future
Spider:2: layout_spider_delve, drop_trap, hangedman_spider_tarantella_strand
Spider:3: layout_spider_delve, uniq_arachne
Spider:4: floodkiller_spider_rune_tomb, uniq_kirke, uniq_asterion, uniq_roxanne
Slime:1:  layout_caves
Slime:2:  layout_caves
Slime:3:  layout_caves, nicolae_slime_barrier, uniq_dissolution
Slime:4:  layout_caves
Slime:5
Orc:1:    layout_caves, basic_altar, uniq_harold
Orc:2:    st_orc_congregation, layout_caves, gammafunk_ghost_cemetery,
          minmay_orc_keep, uniq_sonja
Elf:1:    eino_elf_arrival_altar, layout_loops_cross,
          kennysheep_underground_church, minmay_misc_feat_columns
Elf:2:    layout_gridlike
Elf:3:    elf_hall_gauntlet_narrow, layout_geoelf_grid, minmay_shop_star
Vaults:1: nicolae_vaults_alarming, grunt_vaults_funnel,
          nicolae_vaults_ring_of_whatevers, ontoclasm_vaults_ring_square,
          vaults_room_hallway, v_misc_3, layout_vaults_omnigrid, serial_shops,
          nicolae_shop_behind_doors
Vaults:2: ontoclasm_vaults_misaligned, nicolae_vaults_arrows,
          ontoclasm_vaults_tryst, nicolae_vaults_specimen_jars, v_misc_33,
          nicolae_vaults_quartermaster, nicolae_vaults_little_squares_3,
          minmay_crypt_entry_simple_statues, hangedman_vaults_unwind,
          vaults_standard_mumra_x, nicolae_vaults_three_branches,
          vaults_dpeg_ring, vaults_room_fours, layout_vaults_omnicross,
          serial_shops, nicolae_shop_stone
Vaults:3: advil_vaults_ghost_guards, ontoclasm_vaults_twist,
          hangedman_vaults_stream, v_misc_10, v_misc_3, vaults_mumra_hex,
          v_misc_2, v_misc_12, nicolae_vaults_rhombus_6,
          nicolae_vaults_rhombus_6, grunt_vaults_diagonal,
          ontoclasm_vaults_shuriken, nicolae_vaults_little_squares_6,
          layout_vaults_omnibox, uniq_saint_roka
Vaults:4: nicolae_vaults_little_squares_5, hangedman_vaults_trim,
          hangedman_vaults_variations, vaults_not_door_vault_mu,
          vaults_standard_mumra_lines, nicolae_vaults_ring_of_whatevers,
          nicolae_vaults_border_crossing, v_misc_16, vaults_room_fancy_cross,
          nicolae_vaults_what_the_h, st_lines, hangedman_vaults_restitches,
          layout_vaults_ring, uniq_mennas
Depths:1: layout_cave_pools, minmay_misc_feat_five, serial_shops, shop,
          abyss_entry_flame_altar, pf_hell_entry_tar_river,
          chequers_serial_rivers_small_a, grunt_decor_fettered,
          kennysheep_decorative_pillar, grunt_decor_one_mirror, drop_trap,
          kennysheep_potato
Depths:2: minmay_the_grid_3x3 [minmay_the_grid_tiny_cups,
          minmay_the_grid_dragon_a, minmay_the_grid_artifice,
          minmay_the_grid_diamond_grid, minmay_the_grid_tree,
          minmay_the_grid_slots, minmay_the_grid_broken_lines,
          minmay_the_grid_odd_star, minmay_the_grid_prize_shrinking_boxes],
          layout_cave_pools, abyss_entry_glasseish, grunt_hell_horde,
          infiniplex_staircase_trident, uniq_nikola, uniq_mara
Depths:3: grunt_arcs, layout_gridville, grunt_pan_entry_spiral, hell_entry,
          kennysheep_big_empty_room

Skill      XL: |  1  2  3  4  5  6  7  8  9 10 11 12 13 14 15 16 17 18 19 20 21 22 23 24 |
---------------+-------------------------------------------------------------------------+-----
Armour         | 3 4 5 6 7 9 10 11 12 13 14 15 | 15.3
Shields        | 3 4 5 6 7 9 10 12 13 | 13.1
Axes           | 3 4 6 7 8 9 11 12 13 14 16 18 | 18.2
Fighting       | 4 5 6 8 10 11 13 14 15 16 17 18 19 21 | 21.5
Dodging        | 1 2 3 4 5 7 8 9 10 11 12 | 12.7
Stealth        | 1 2 |  2.5
Evocations     | 2 3 5 6 8 9 10 11 12 13 14 | 14.4
Throwing       | 1 2 3 5 |  5.3
Maces & Flails | 1 4 5 6 9 10 11 12 13 | 13.1
Polearms       | 1 4 6 7 |  7.4

Action                   |  1- 3 |  4- 6 |  7- 9 | 10-12 | 13-15 | 16-18 | 19-21 | 22-24 || total
-------------------------+-------+-------+-------+-------+-------+-------+-------+-------++-------
Melee: War axe           |   110 |   121 |   324 |       |       |       |       |       ||   555
       Tailslap          |     9 |    12 |    75 |   134 |   198 |   376 |   323 |   274 ||  1401
       Trident           |       |       |    53 |   340 |    13 |   228 |       |       ||   634
       Flail             |       |       |    30 |   130 |   670 |  1422 |   660 |    13 ||  2925
       Battleaxe         |       |       |       |   128 |   362 |     9 |   424 |       ||   923
       Broad axe         |       |       |       |       |       |     9 |   421 |  1014 ||  1444
       Demon trident     |       |       |       |       |       |     9 |       |    12 ||    21
       Trishula          |       |       |       |       |       |       |       |    16 ||    16
Throw: Dart              |       |     3 |    18 |    24 |       |    11 |     8 |     2 ||    66
       Boomerang         |       |       |       |    26 |     8 |    10 |    48 |   104 ||   196
       Throwing net      |       |       |       |       |       |     3 |     4 |     1 ||     8
       Javelin           |       |       |       |       |       |     2 |     2 |    42 ||    46
Invok: Lunge             |       |       |    14 |    14 |    70 |   109 |    62 |    35 ||   304
       Whirlwind         |       |       |    10 |    42 |   179 |   323 |   260 |   117 ||   931
       Serpent's Lash    |       |       |       |     4 |     3 |       |     1 |       ||     8
       Heavenly Storm    |       |       |       |       |     1 |     3 |     4 |     1 ||     9
 Abil: Wall Jump         |       |       |       |    23 |    18 |    25 |    16 |    11 ||    93
       Rolling Charge    |       |       |       |       |     2 |       |    98 |   122 ||   222
       Evoke Flight      |       |       |       |       |       |     5 |     2 |       ||     7
       Evoke Invisibilit |       |       |       |       |       |       |       |     1 ||     1
Evoke: Wand              |       |     3 |     3 |     8 |    24 |     7 |    18 |    16 ||    79
       Tin of tremorston |       |       |       |       |       |       |       |     1 ||     1
       Condenser vane    |       |       |       |       |       |       |       |     1 ||     1
  Use: Potion            |     1 |     3 |     2 |    12 |     3 |     4 |    15 |     5 ||    45
       Scroll            |       |       |    14 |    14 |    15 |    29 |    17 |    10 ||    99
 Stab: Distracted        |       |       |     1 |     1 |       |       |       |       ||     2
       Invisible         |       |       |     1 |     5 |       |       |       |    10 ||    16
       Petrified         |       |       |       |       |     4 |       |       |       ||     4
       Held in net/web   |       |       |       |       |       |     1 |     3 |       ||     4
Armor: Scale mail        |    71 |    59 |   127 |   123 |       |       |       |       ||   380
       Ring mail         |       |       |       |    66 |   139 |    41 |       |       ||   246
       Pearl dragon scal |       |       |       |    74 |   165 |       |       |       ||   239
       Plate armour      |       |       |       |       |    86 |   634 |  1214 |   511 ||  2445
       Skin              |       |       |       |       |       |       |       |    13 ||    13
Dodge: Dodged            |    30 |    31 |    97 |   253 |   326 |   318 |   627 |   262 ||  1944
       Repelled          |       |       |       |     2 |     5 |    18 |     6 |    26 ||    57
Block: Kite shield       |    72 |    63 |   229 |   279 |   397 |   985 |   589 |   638 ||  3252
       Reflection        |       |       |       |       |       |    18 |    31 |    75 ||   124
